Map: Acid Plant LE

Players

Clone - Winner!

  • Race: Terran Terran
  • League: Diamond
  • Spawn Location: 5:00

Marzbar

  • Race: Zerg Zerg
  • League: Diamond
  • Spawn Location: 11:00

VOD

Have the link to the VOD?

Description

Time

  • Played on: June 21, 2018, 1:07 a.m.
  • Length: 11:14
Show
View Real Time Build Order
Export as new Build Order

Clone Terran - Winner!

Build Orders: Reaper Expand, Bio Tank 

Get SALT Encoding   

  12  0:00  SCV  
  13  0:13  SCV  
  14  0:17  Supply Depot  
  14  0:25  SCV  
  15  0:29  Refinery  
  15  0:39  SCV  
  16  0:45  Barracks  
  16  0:51  SCV  
  17  1:03  SCV  
  18  1:15  SCV  
  19  1:32  Orbital Command  
  19  1:33  Reaper  
  20  1:45  Command Center  
  20  1:54  Supply Depot  
  20  1:58  SCV  
  21  2:07  Factory  
  21  2:11  Barracks Reactor  
  21  2:13  SCV  
  22  2:25  SCV  
  22  2:26  Barracks  
  23  2:37  SCV  
  24  2:49  SCV  
  25  2:58  Orbital Command  
  24  2:59  Marine x2  
  24  3:01  SCV  
  24  3:04  Hellion  
  29  3:13  SCV  
  30  3:25  Marine x2  
  31  3:35  SCV  
  31  3:36  SCV  
  31  3:38  Marine  
  31  3:39  Factory Tech Lab  
  34  3:42  Refinery  
  34  3:44  Starport  
  34  3:51  Marine  
  35  3:55  Supply Depot, Engineering Bay  
  35  3:56  Barracks Tech Lab  
  35  3:59  Supply Depot, SCV x2  
  35  4:00  Marine  
  38  4:04  Siege Tank  
  41  4:11  SCV x2  
  41  4:15  Marine  
  44  4:19  Marine x2  
  44  4:23  Stimpack  
  46  4:26  SCV  
  46  4:27  SCV  
  46  4:31  Supply Depot  
  48  4:33  Marine  
  48  4:37  Marine x2  
  51  4:46  Barracks  
  51  4:50  Siege Tank  
  51  4:51  Marine  
  51  4:52  SCV x2  
  57  4:55  Supply Depot, Marine x2  
  59  5:03  Medivac  
  59  5:09  SCV x2  
  60  5:22  SCV x2  
  60  5:23  Refinery, Marine  
  60  5:24  Supply Depot, Marine  
  60  5:25  Supply Depot, Marine  
  65  5:31  Siege Tank  
  68  5:39  SCV x2  
  70  5:44  Barracks Reactor  
  70  5:52  Command Center  
  70  5:54  Terran Infantry Weapons Level 1  
  70  5:59  SCV  
  70  6:00  SCV  
  72  6:09  Marine x3  
  75  6:13  Supply Depot  
  75  6:14  SCV x2  
  75  6:18  Refinery  
  77  6:22  Starport Reactor  
  77  6:23  Marine x2  
  77  6:24  Engineering Bay  
  79  6:26  Combat Shields  
  79  6:41  Marine x4  
  79  6:42  Siege Tank  
  86  6:50  Marine  
  86  6:51  Command Center  
  87  6:59  Marine x2  
  87  7:00  Marine x2  
  91  7:03  SCV x2  
  91  7:05  Orbital Command  
  91  7:08  Marine  
  91  7:35  Marine x4  
  91  7:36  Siege Tank, Marine  
  92  7:37  Medivac x2  
  95  7:53  Marine x3  
  98  7:58  Barracks  
  98  7:59  Supply Depot  
  98  8:01  Supply Depot, Marine, Barracks  
  98  8:02  Marine  
  94  8:08  Orbital Command  
  94  8:11  Marine x3  
  97  8:15  Siege Tank, Medivac x2  
  97  8:19  Marine  
  105  8:29  Marine x4  
  109  8:39  Terran Infantry Armor Level 1, Armory  
  109  8:42  SCV x3  
  109  8:43  Supply Depot  
  111  8:54  SCV x2  
  95  8:59  Marine x2  
  95  9:00  Marine x2  
  95  9:01  Barracks Reactor  
  95  9:02  Barracks Tech Lab  
  99  9:03  Marauder  
  99  9:04  Siege Tank, Medivac  
  99  9:05  Medivac  
  103  9:17  Marine x3  
  105  9:27  Marine  
  105  9:30  Marauder  
  105  9:31  Marauder  
  107  9:35  Marine  
  107  9:36  Planetary Fortress  
  106  9:41  Refinery, SCV x3  
  106  9:43  Refinery  
  97  10:05  Marine x4  
  97  10:06  Marauder x2  
  105  10:07  Marine x2  
  105  10:09  Siege Tank, Medivac  
  112  10:16  Refinery  
  112  10:18  Refinery  
  112  10:20  Command Center, SCV x4  
  116  10:23  Marine  
  116  10:26  Marine x3  
  116  10:27  Marine x2  
  116  10:28  Marauder x2  
  106  10:50  Marine x4  
  106  10:51  Marine x4  
Show
View Real Time Build Order
Export as new Build Order

Marzbar Zerg 

Build Orders: Hatch First 

Get SALT Encoding   

  12  0:01  Drone  
  13  0:12  Overlord  
  13  0:20  Drone  
  14  0:32  Drone x2  
  16  0:44  Drone  
  17  0:53  Hatchery  
  17  0:56  Drone  
  17  1:00  Drone  
  17  1:02  Extractor  
  17  1:18  Spawning Pool  
  17  1:19  Drone  
  17  1:26  Drone  
  18  1:33  Drone  
  18  1:38  Overlord  
  19  1:49  Drone  
  20  2:05  Queen x2  
  20  2:06  Zergling x4  
  26  2:12  Metabolic Boost  
  26  2:16  Drone  
  26  2:19  Drone  
  28  2:49  Extractor  
  27  2:58  Queen  
  30  3:00  Hatchery, Drone  
  30  3:01  Drone x3  
  33  3:19  Queen  
  35  3:21  Overlord  
  35  3:22  Overlord, Drone  
  35  3:27  Overlord  
  34  3:39  Drone x6  
  40  3:51  Drone x4  
  40  3:53  Drone  
  45  4:02  Zergling x2  
  46  4:07  Drone x3, Extractor  
  46  4:08  Drone  
  49  4:18  Zergling x2  
  49  4:19  Zergling x4  
  49  4:23  Lair  
  52  4:24  Evolution Chamber  
  52  4:26  Zergling x6  
  52  4:27  Baneling Nest, Zergling x2  
  52  4:29  Drone  
  55  4:34  Overlord x2  
  55  4:36  Drone x2  
  57  4:56  Zerg Melee Weapons Level 1  
  57  4:57  Overlord x2, Drone x5  
  57  4:58  Drone  
  57  4:59  Drone x2  
  62  5:15  Drone  
  62  5:16  Drone x8  
  62  5:17  Evolution Chamber  
  62  5:19  Extractor  
  62  5:20  Spore Crawler  
  62  5:21  Spore Crawler  
  67  5:23  Spore Crawler  
  67  5:25  Hydralisk Den  
  67  5:28  Drone x2  
  67  5:31  Drone  
  67  5:32  Drone x2  
  70  5:36  Drone x2  
  70  5:40  Baneling x2  
  70  5:41  Baneling  
  70  5:42  Centrifical Hooks  
  72  5:50  Extractor  
  72  5:53  Extractor  
  70  5:58  Extractor  
  70  5:59  Hydralisk  
  70  6:00  Hydralisk  
  70  6:03  Overlord x2  
  73  6:05  Drone x2  
  73  6:09  Hatchery  
  73  6:16  Spine Crawler  
  73  6:18  Drone x3  
  75  6:20  Hatchery  
  75  6:24  Drone  
  75  6:25  Drone x8  
  83  6:34  Zerg Missile Weapons Level 1  
  83  6:48  Hydralisk  
  83  6:49  Hydralisk x6  
  83  6:50  Overlord  
  83  6:51  Overlord  
  97  6:55  Zerg Ground Armor Level 1  
  96  7:21  Hydralisk x3  
  96  7:22  Hydralisk x4, Zergling x2  
  105  7:23  Zergling x16  
  90  7:42  Hydralisk x6  
  100  7:45  Baneling  
  100  7:49  Hydralisk  
  100  7:51  Zergling x2  
  94  8:03  Zergling x2  
  94  8:04  Zergling x4  
  79  8:05  Queen x2  
  79  8:06  Queen  
  79  8:07  Zergling x4  
  79  8:09  Zergling x8  
  91  8:23  Hydralisk x3  
  91  8:24  Hydralisk  
  91  8:26  Zergling x6  
  100  8:27  Baneling x2  
  100  8:28  Baneling  
  100  8:48  Hatchery  
  76  8:57  Hydralisk  
  76  8:58  Hydralisk x8  
  76  8:59  Zergling x2  
  79  9:10  Hydralisk  
  79  9:11  Hydralisk x2, Zergling x2  
  86  9:22  Baneling x2  
  80  9:27  Hydralisk  
  80  9:28  Hydralisk x3  
  67  9:43  Hydralisk x4  
  62  9:56  Zergling x2  
  62  9:57  Zergling x10  
  62  10:05  Hydralisk  
  60  10:09  Zergling x4  
  60  10:10  Zergling x2  
  63  10:22  Baneling  
  63  10:23  Baneling x11  
  63  10:24  Zergling x4  
  63  10:28  Hydralisk  
  65  10:48  Hydralisk  
  65  10:49  Hydralisk x4  
Tags
 
Add a new tag
Caveats
  • Supply blocks, unpowered buildings, or Contaminate may cause inaccurate times.
  • Supply counts are checked every 10 seconds.